 Dungeon Crawl Stone Soup version 0.26-a0-682-g294304f6e8 (webtiles) character file.

Game seed: 1614669008564888095

557 jestyr24 the Covered (level 7, 0/60 HPs)
             Began as a Minotaur Monk on Oct 21, 2020.
             Was a Priest of Trog.
             Killed from afar by an orc wizard (5 damage)
             ... with a puff of frost
             ... on level 4 of the Dungeon.
             The game lasted 00:18:18 (2840 turns).

jestyr24 the Covered (Minotaur Monk)                Turns: 2840, Time: 00:18:18

Health: 0/60       AC: 11    Str: 17    XL:     7   Next: 9%
Magic:  6/6        EV: 12    Int:  7    God:    Trog [***...]
Gold:   217        SH:  0    Dex: 13    Spells: 6/6 levels left

rFire    . . .     SeeInvis .   t - +0 long sword
rCold    + . .     Faith    +   (no shield)
rNeg     . . .     Spirit   .   l - +4 ring mail {rC+}
rPois    .         Reflect  .   (helmet restricted)
rElec    .         Harm     .   y - +0 cloak (curse)
rCorr    .         Rampage  .   (no gloves)
MR       ++...                  (no boots)
Stlth    +.........             v - amulet of faith
HPRegen  1.20/turn              (no ring)
MPRegen  0.10/turn              (no ring)

@: berserk cooldown, regenerating (expiring)
A: retaliatory headbutt, horns 2
a: Berserk, Trog's Hand, Renounce Religion


You were on level 4 of the Dungeon.
You worshipped Trog.
Trog was most pleased with you.
You visited 1 branch of the dungeon, and saw 4 of its levels.

You collected 217 gold pieces.

Inventory:

Hand Weapons
 a - a +0 falchion
 f - a +0 hunting sling
 t - a +0 long sword (weapon)
Missiles
 d - 92 stones (quivered)
 h - 27 arrows
 q - 13 sling bullets
 r - 7 boomerangs
Armour
 b - a +0 robe
 k - a +0 ring mail
 l - a +4 ring mail of cold resistance (worn)
 o - a +0 plate armour
 y - a cursed +0 cloak (worn)
Jewellery
 v - an amulet of faith (around neck)
Scrolls
 g - a scroll of immolation {unknown}
 i - 11 scrolls of identify {unknown}
 j - a scroll of magic mapping {unknown}
 n - 2 scrolls of teleportation {unknown}
 p - a scroll of blinking {unknown}
 u - a scroll of fog {unknown}
 w - a scroll of enchant armour {unknown}
 x - a scroll of remove curse {unknown}
Potions
 c - a potion of cancellation {unknown}
 e - 2 potions of degeneration {unknown}
 m - 2 potions of might {unknown}
 s - a potion of ambrosia {unknown}


   Skills:
 + Level 4.5 Fighting
 - Level 4.2 Long Blades
 - Level 4.1 Slings
 + Level 6.0 Armour
 + Level 4.0 Dodging
 - Level 1.6 Stealth


You had 6 spell levels left.
You didn't know any spells.
Your spell library was empty.

Dungeon Overview and Level Annotations

Branches:
Dungeon (4/15)             Temple (0/1) D:4

Altars:
Ashenzari
Dithmenos
Trog
Zin


Innate Abilities, Weirdness & Mutations

You reflexively headbutt those who attack you in melee.
You have a pair of horns on your head.


Message History

The orc priest closely misses you.
Things that are here:
a +0 dagger; a +0 robe; the elf corpse of Dowan A howler monkey comes into view.
The howler monkey howls!
The orc priest hits you but does no damage.
The orc priest closely misses you. You furiously retaliate!
You headbutt the orc priest, but do no damage.
You riposte.
You slash the orc priest!
The orc priest is severely wounded.
The orc wizard mumbles some strange words.
The orc wizard seems to speed up.
The orc warrior hits you with a +0 hand axe!
* * * LOW HITPOINT WARNING * * *
You hear a shout! x3
You barely miss the orc priest. You headbutt the orc priest.
The orc priest is almost dead.
The orc wizard points at you and mumbles some strange words.
The puff of frost hits you. You resist.
You die...

..!#........### #.##
#...#.... #..####....###
###)..##...#..## .
##...#.....###... #..
##.....#..>.###.##
#..######......##....##.#
#..o...)o.....##...##..#
#o..#######@o...###..##.###
# ##o...# #.#...####
#o....#....#.....
..h......#####..#
#........## #...#
#........# #..#.#
.....>..###...##.#
.##.....##..####.. .#
...o....# #...


You could see an orc warrior, a howler monkey, 2 orc priests, an orc wizard
(fast) and an orc.

Vanquished Creatures
  Eustachio (D:4)
  Duvessa (D:4)
  Dowan (D:4)
  An orc priest (D:3)
  A jelly (D:4)
  Terence (D:2)
  2 orc wizards (D:3)
  3 adders (D:3)
  A white imp (D:3)
  2 oozes
  2 worms
  3 dart slugs
  13 orcs
  4 bats
  3 giant cockroaches
  5 goblins
  3 hobgoblins
  2 jackals (D:2)
  5 kobolds
  A quokka (D:4)
  A ball python (D:1)
  3 frilled lizards
  13 rats
72 creatures vanquished.

Notes
Turn   | Place    | Note
-------+----------+-------------------------------------------
     0 | D:1      | jestyr24 the Minotaur Monk began the quest for the Orb.
     0 | D:1      | Reached XP level 1. HP: 19/19 MP: 0/0
   177 | D:1      | Reached XP level 2. HP: 27/27 MP: 1/1
   810 | D:2      | Reached skill level 1 in Slings
   811 | D:2      | Reached XP level 3. HP: 33/33 MP: 2/2
   832 | D:2      | Noticed Terence
   843 | D:2      | Killed Terence
  1277 | D:2      | Reached XP level 4. HP: 39/40 MP: 3/3
  1416 | D:2      | Found a shadowy altar of Dithmenos.
  1416 | D:2      | Found a glowing silver altar of Zin.
  1416 | D:2      | Found a bloodstained altar of Trog.
  1426 | D:2      | Became a worshipper of Trog the Wrathful
  1426 | D:2      | Reached * piety under Trog
  1426 | D:2      | Reached ** piety under Trog
  1610 | D:3      | Reached skill level 1 in Armour
  1646 | D:3      | Reached XP level 5. HP: 27/46 MP: 4/4
  2057 | D:3      | Found a broken altar of Ashenzari.
  2144 | D:3      | Noticed a moth of wrath
  2147 | D:3      | Found a bloodstained altar of Trog.
  2455 | D:3      | Reached skill level 2 in Armour
  2680 | D:4      | Noticed Eustachio
  2688 | D:4      | Killed Eustachio
  2688 | D:4      | Reached skill level 4 in Armour
  2688 | D:4      | Reached XP level 6. HP: 53/53 MP: 5/5
  2783 | D:4      | Found a staircase to the Ecumenical Temple.
  2795 | D:4      | Noticed Dowan
  2795 | D:4      | Noticed Duvessa
  2807 | D:4      | Killed Duvessa
  2807 | D:4      | Reached skill level 5 in Armour
  2824 | D:4      | Killed Dowan
  2824 | D:4      | Reached *** piety under Trog
  2824 | D:4      | Reached skill level 6 in Armour
  2824 | D:4      | Reached XP level 7. HP: 40/60 MP: 6/6
  2840 | D:4      | Killed from afar by an orc wizard

Illustrated notes

Levels and vault maps discovered:
D:1:      evilmike_arrival_fibonacci_small, layout_basic
D:2:      layout_basic, gammafunk_temple_overflow_forgotten, uniq_terence
D:3:      cheibrodos_pilgrimage, layout_loops_ring, ashenzari_altar_1, tgw_trog
D:4:      layout_rooms, minmay_temple_entry_wispy, uniq_blork_the_orc,
          uniq_duvessa, uniq_eustachio

Skill      XL: |  1  2  3  4  5  6 |
---------------+-------------------+-----
Long Blades    | 4 |  4.2
Fighting       | 4 |  4.5
Slings         | 1 2 3 4 |  4.1
Armour         | 1 4 6 |  6.0
Dodging        | 4 |  4.0
Stealth        | |  1.6

Action                   |  1- 3 |  4- 6 |  7- 9 || total
-------------------------+-------+-------+-------++-------
Melee: Falchion          |    18 |    31 |       ||    49
       Headbutt          |     6 |    21 |     2 ||    29
       Long sword        |       |    47 |     2 ||    49
 Fire: Hunting sling     |    68 |    38 |       ||   106
Throw: Stone             |    19 |       |       ||    19
Invok: Berserk           |       |     4 |       ||     4
       Trog's Hand       |       |       |     1 ||     1
Armor: Robe              |     1 |       |       ||     1
       Ring mail         |    13 |    33 |     1 ||    47
Dodge: Dodged            |    23 |    47 |     2 ||    72
       Rpst.: Falchion   |     2 |     3 |       ||     5
       Long sword        |       |    11 |     1 ||    12

Table legend: (Time is in decaauts)
 A = Elapsed time spent in this place.
 B = Non-inter-level travel time spent in this place.
 C = Inter-level travel time spent in this place.
 D = Time resting spent in this place.
 E = Time spent auto-exploring this place.
 F = Levels seen in this place.
 G = Mean time per level.
                   A        B        C        D        E       F      G
               +--------+--------+--------+--------+--------+-----+--------+
         Total |   2911 |   2815 |     96 |    309 |   1665 |   4 |  727.8 |
       Dungeon |   2911 |   2815 |     96 |    309 |   1665 |   4 |  727.8 |
               +--------+--------+--------+--------+--------+-----+--------+

Top non-repeatable levels by time:
     D:3: 1199 daAuts
     D:1: 798 daAuts
     D:2: 732 daAuts
     D:4: 181 daAuts
